 Dungeon Crawl Stone Soup version 0.30.1-11-g7821555f0a (webtiles) character file.

Game seed: 8681368684708208087

198 Cheops the Poker (level 5, -3/42 HPs)
             Began as a Merfolk Gladiator on Nov 13, 2023.
             Slain by a black bear (9 damage)
             ... on level 4 of the Dungeon.
             The game lasted 00:04:05 (1764 turns).

Cheops the Poker (Merfolk Gladiator)                Turns: 1764, Time: 00:04:06

Health: -3/42      AC:  4    Str: 14    XL:     5   Next: 77%
Magic:  0/5        EV: 14    Int:  9    God:
Gold:   89         SH:  0    Dex: 22    Spells: 4/4 levels left

rFire   . . .        a - +0 trident
rCold   . . .        (no shield)
rNeg    . . .        b - +0 leather armour
rPois   .            c - +0 helmet
rElec   .            (no cloak)
rCorr   .            (no gloves)
SInv    .            (no boots)
Will    .....        n - amulet of guardian spirit
Stlth   ++           g - +6 ring of dexterity
HPRegen 0.27/turn    (no ring)
MPRegen 0.09/turn

%: guardian spirit
@: no status effects
A: (nimble swimmer 2), mertail
a: no special abilities


You were on level 4 of the Dungeon.
You visited 1 branch of the dungeon, and saw 3 of its levels.

You collected 89 gold pieces.

Inventory:

Hand Weapons
 a - a +0 trident (weapon)
Missiles
 d - 3 throwing nets (quivered)
 e - a javelin
Armour
 b - a +0 leather armour (worn)
 c - a +0 helmet (worn)
Magical Staves
 k - a staff of earth
Jewellery
 g - a +6 ring of dexterity (left hand)
 n - an amulet of guardian spirit (around neck)
Scrolls
 f - a scroll of amnesia {unknown}
 h - 4 scrolls of identify {unknown}
 j - a scroll of fear {unknown}
 m - a scroll of teleportation {unknown}
 o - a scroll of torment {unknown}
 s - a scroll of magic mapping {unknown}
Potions
 i - a potion of lignification {unknown}
 l - a potion of curing {unknown}
 p - a potion of cancellation {unknown}
 q - 2 potions of invisibility {unknown}
 r - a potion of flight {unknown}


   Skills:
 + Level 4.0 Fighting
 * Level 7.1 Polearms
 - Level 2.0 Throwing
 - Level 4.0 Dodging


You had 4 spell levels left.
You didn't know any spells.
Your spell library contained the following spells:

 Spells                   Type           Power      Damage    Failure   Level
 Beastly Appendage        Tmut           0%         N/A       45%         1
 Wereblood                Tmut           0%         N/A       61%         2
 Gell's Gravitas          Tloc           0%         N/A       83%         3
 Portal Projectile        Hex/Tloc       0%         N/A       83%         3
 Spider Form              Tmut/Pois      0%         N/A       83%         3
 Teleport Other           Tloc           0%         N/A       83%         3
 Tukima's Dance           Hex            0%         N/A       83%         3
 Animate Armour           Summ/Erth      0%         N/A       99%         4
 Blade Hands              Tmut           0%         N/A       100%        5
 Dispersal                Tloc           0%         N/A       100%        6
 Iron Shot                Conj/Erth      0%         9d1       100%        6


Dungeon Overview and Level Annotations

Branches:
Dungeon (2/15)

Altars:
Cheibriados

Annotations:
D:4 3 runed translucent doors


Innate Abilities, Weirdness & Mutations

((You are very nimble when in or above water. (Stealth+, EV+, Speed+++)))
Your lower body shifts to a powerful aquatic tail in water.


Message History

You puncture the black bear!
The black bear is heavily wounded.
The black bear bites you.
The black bear claws you but does no damage.
The black bear claws you.
* * * LOW HITPOINT WARNING * * *
You barely miss the black bear.
The black bear is heavily wounded.
The black bear completely misses you. The black bear claws you.
* * * LOW HITPOINT WARNING * * *
The black bear closely misses you.
You closely miss the black bear.
The black bear is heavily wounded.
The black bear misses you. The black bear closely misses you.
The black bear barely misses you.
You puncture the black bear!
The black bear is severely wounded.
The black bear goes berserk!
You barely miss the black bear.
The black bear is severely wounded.
The black bear barely misses you. The black bear misses you. x2
The black bear bites you.
* * * LOW HITPOINT WARNING * * *
The black bear misses you. The black bear barely misses you.
You barely miss the black bear.
The black bear is severely wounded.
The black bear bites you!
* * * LOW HITPOINT WARNING * * *
The black bear closely misses you. The black bear claws you.
* * * LOW HITPOINT WARNING * * *
You hit the black bear.
The black bear is severely wounded.
The black bear barely misses you. The black bear claws you.
* * * LOW HITPOINT WARNING * * *
The black bear claws you.
* * * LOW HITPOINT WARNING * * *
You puncture the black bear!
The black bear is almost dead.
The black bear bites you!
You die...

.. ...# .. #~#._.#)#..# ..##
... ..##~##†##~##.# # ##..# #..
#~~~#~#~~~#.# ##. #...# #.####
#~~~~~~~~~#.# ....#...##
#....#.#⌠~~###~~⌠#.#
.o.......###....#.#####.#####.#
.##.....##.#...##.............#
................#.....#########
###+++###.....h@.......###
#......Z##....####.##....#
.........#.....# #.##...##
.........##....###......#
...####...#.....##.###..# .##
##..##.#...####..>#
#..#...........##
#..#......#..###
#..#......#...#


You could see a black bear (berserk).

Vanquished Creatures
  An ogre (D:4)
  A phantom (D:4)
  3 dart slugs
  A worm (D:4)
  3 endoplasms
  A giant cockroach (D:1)
  4 goblins
  5 hobgoblins
  2 jackals (D:1)
  A quokka (D:1)
  4 ball pythons
  2 bats (D:2)
  A frilled lizard (D:1)
  7 kobolds
  A rat (D:1)
37 creatures vanquished.

Notes
Turn   | Place    | Note
-------+----------+-------------------------------------------
     0 | D:1      | Cheops the Merfolk Gladiator began the quest for the Orb.
     0 | D:1      | Reached XP level 1. HP: 16/16 MP: 1/1
   156 | D:1      | Reached XP level 2. HP: 23/23 MP: 2/2
   530 | D:1      | Reached skill level 5 in Polearms
   564 | D:1      | Reached XP level 3. HP: 28/28 MP: 3/3
   913 | D:2      | Identified the +10 whip of Karma {heavy, Int+4}
  1398 | D:2      | You fall into a shaft and drop 2 floors!
  1400 | D:4      | Found a snail-covered altar of Cheibriados.
  1457 | D:4      | Noticed an ogre
  1500 | D:4      | Killed an ogre
  1501 | D:4      | Reached skill level 6 in Polearms
  1501 | D:4      | Reached XP level 4. HP: 22/36 MP: 4/4
  1501 | D:4      | Reached XP level 5. HP: 25/41 MP: 5/5
  1620 | D:4      | Noticed a phantom
  1642 | D:4      | Killed a phantom
  1643 | D:4      | Reached skill level 7 in Polearms
  1739 | D:4      | Found a runed translucent gate.
  1739 | D:4      | Found a runed translucent gate.
  1739 | D:4      | Found a runed translucent gate.
  1740 | D:4      | Noticed a black bear
  1764 | D:4      | Slain by a black bear

Illustrated notes

Levels and vault maps discovered:
D:1:      saegor_arrival_simple_b, layout_loops_ring
D:2:      layout_basic, kennysheep_generic_room_10
D:4:      layout_cave_pools, mainiacjoe_overflow_concentric_impassable,
          cheibrodos_worm_habitat, gammafunk_ghost_icy, grunt_ministairs_11,
          guppyfry_shop_venom, uniq_natasha, uniq_ijyb

Skill      XL: |  1  2  3  4  5 |
---------------+----------------+-----
Polearms       | 5 6 7 |  7.1
Fighting       | 3 4 |  4.0
Throwing       | |  2.0
Dodging        | |  4.0

Action                     |  1- 3 |  4- 6 || total
---------------------------+-------+-------++-------
  Melee: Trident           |   119 |    38 ||   157
         Tailslap          |     3 |       ||     3
   Stab: Sleeping          |     4 |       ||     4
 Armour: Leather armour    |    19 |     5 ||    24
  Dodge: Dodged            |    48 |    23 ||    71
